 Dungeon Crawl Stone Soup version 0.20-a0-299-gec7c366 (webtiles) character file.

363 Goblin1989 the Slasher (level 6, -7/50 HPs)
             Began as a Demonspawn Monk on Dec 16, 2016.
             Was an Initiate of Gozag.
             Mangled by Menkaure (18 damage)
             ... on level 4 of the Dungeon.
             The game lasted 00:11:05 (3245 turns).

Goblin1989 the Slasher (Demonspawn Monk)            Turns: 3245, Time: 00:11:07

Health: -7/50      AC:  8    Str: 14    XL:     6   Next: 39%
Magic:  6/6        EV: 11    Int: 11    God:    Gozag
Gold:   361        SH:  4    Dex: 15    Spells: 5/5 levels left

rFire  . . .     SeeInvis .     a - +0 falchion
rCold  . . .     Gourm    .     j - +0 ring mail
rNeg   . . .     Faith    .     u - +0 buckler
rPois  .         Spirit   .     m - +0 helmet
rElec  .         Reflect  .     (no cloak)
rCorr  .         Harm     .     (no gloves)
MR     .....                    (no boots)
Stlth  +.........               (no amulet)
                                (no ring)
                                (no ring)

@: gold aura
A: hooves 2, rugged brown scales 2
a: Potion Petition, Call Merchant, Bribe Branch, Renounce Religion


You were on level 4 of the Dungeon.
You worshipped Gozag.
Gozag was aware of your devotion.
You were hungry.

You visited 1 branch of the dungeon, and saw 4 of its levels.

You collected 361 gold pieces.

Inventory:

Hand Weapons
 a - a +0 falchion (weapon)
 b - a +0 rapier of speed
Armour
 j - a +0 ring mail (worn)
 l - a +0 shield
 m - a +0 helmet (worn)
 u - a +0 buckler (worn)
 v - a +0 plate armour
Wands
 t - a wand of disintegration (13/24)
 y - a wand of random effects (18/48)
Scrolls
 k - a scroll of identify {unknown}
 n - a scroll of random uselessness {unknown}
 q - 2 scrolls of enchant weapon {unknown}
 r - 3 scrolls of remove curse {unknown}
 s - a scroll of blinking {unknown}
 w - a scroll of immolation {unknown}
 x - a scroll of teleportation {unknown}
Potions
 d - 2 potions of curing {unknown}
 e - a potion of agility {unknown}
 f - a potion of resistance {unknown}
 h - 6 potions of brilliance {unknown}
 i - a potion of heal wounds {unknown}
 o - 2 potions of flight {unknown}
 p - a potion of cancellation {unknown}
Comestibles
 c - a bread ration {@e1}
 g - 4 meat rations {@e2}


   Skills:
 + Level 3.7 Fighting
 * Level 5.5 Long Blades
 + Level 1.5 Armour
 - Level 2.6 Dodging
 - Level 1.7 Stealth
 + Level 2.0 Shields


You had 5 spell levels left.
You didn't know any spells.

Dungeon Overview and Level Annotations

Branches:
Dungeon (4/15)             Temple (0/1) D:4

Altars:
Cheibriados
Dithmenos
Gozag
Kikubaaqudgha
Nemelex Xobeh

Annotations:
D:2 Sigmund
D:4 Dowan, Duvessa, Menkaure


Innate Abilities, Weirdness & Mutations

You have hoof-like feet.
You are mostly covered in rugged brown scales. (AC +2, +5% HP)


Message History

You barely resist.
Unknown command.
You barely miss Menkaure. Your kick misses Menkaure.
Menkaure is moderately damaged.
Menkaure mumbles some strange words.
Menkaure seems to speed up.
You hit Menkaure but do no damage.
Menkaure is moderately damaged.
Menkaure calls on the powers of darkness!
Your body is wracked with pain!
* * * LOW HITPOINT WARNING * * *
You take 11 damage, and have 14/50 hp.
MASSIVE DAMAGE!!
You hit Menkaure but do no damage. You kick Menkaure, but do no damage.
Menkaure is moderately damaged.
Menkaure sighs in an indecipherable tongue.
Menkaure hits you.
* * * LOW HITPOINT WARNING * * *
Menkaure hits you!!
You die...
Your body crumbles into a pile of gold.

.██ █.............
██ █............. █
███............. █
█.∆.............
█..██.█.............
█...................
██.███.█████████████
█ █$..█


█@███ █M██████████ █...o.o....█ ██████████.█ ███████...███ █...........█
█......o....█ █...........█ █......o....█ You could see Menkaure.

Vanquished Creatures
  An ogre (D:4)
  A jelly (D:4)
  An orc priest (D:3)
  Terence (D:1)
  Natasha (twice) (D:3)
  Robin (D:2)
  3 adders
  A worm (D:1)
  3 leopard geckos
  6 orcs
  4 ball pythons
  4 giant cockroaches
  16 goblins
  8 hobgoblins
  3 jackals (D:4)
  3 quokkas (D:2)
  10 bats
  4 frilled lizards
  12 kobolds
  8 rats
92 creatures vanquished.

Notes
Turn   | Place    | Note
-------+----------+-------------------------------------------
     0 | D:1      | Goblin1989 the Demonspawn Monk began the quest for the Orb.
     0 | D:1      | Reached XP level 1. HP: 18/18 MP: 1/1
    76 | D:1      | Reached skill level 3 in Long Blades
   307 | D:1      | Gained mutation: You are partially covered in rugged brown scales. (AC +1, +3% HP) [demonic ancestry]
   307 | D:1      | Reached XP level 2. HP: 18/24 MP: 2/2
   893 | D:1      | Gained mutation: You are mostly covered in rugged brown scales. (AC +2, +5% HP) [demonic ancestry]
   893 | D:1      | Reached XP level 3. HP: 24/30 MP: 3/3
  1105 | D:2      | Noticed Robin
  1151 | D:2      | Noticed Terence
  1189 | D:1      | Killed Terence
  1189 | D:1      | Reached skill level 4 in Long Blades
  1357 | D:2      | Noticed Sigmund
  1415 | D:2      | Gained mutation: You have large cloven feet. [demonic ancestry]
  1415 | D:2      | Reached XP level 4. HP: 30/36 MP: 4/4
  1489 | D:2      | Killed Robin
  1575 | D:2      | Found an opulent altar of Gozag.
  1583 | D:2      | Became a worshipper of Gozag Ym Sagoz the Greedy
  1816 | D:3      | Found a sparkling altar of Nemelex Xobeh.
  1819 | D:3      | Found a snail-covered altar of Cheibriados.
  1822 | D:3      | Found a shadowy altar of Dithmenos.
  1835 | D:3      | Found an ancient bone altar of Kikubaaqudgha.
  1945 | D:3      | Noticed Natasha
  1959 | D:3      | Killed Natasha
  1959 | D:3      | Reached skill level 1 in Shields
  1959 | D:3      | Gained mutation: You have hoof-like feet. [demonic ancestry]
  1959 | D:3      | Reached XP level 5. HP: 26/43 MP: 5/5
  2160 | D:3      | Noticed Natasha
  2258 | D:3      | Reached skill level 5 in Long Blades
  2645 | D:3      | Reached skill level 1 in Armour
  2677 | D:3      | Killed Natasha
  2704 | D:4      | Reached XP level 6. HP: 26/49 MP: 6/6
  2868 | D:4      | Noticed Duvessa
  2869 | D:4      | Noticed Dowan
  3201 | D:4      | Found a staircase to the Ecumenical Temple.
  3215 | D:4      | Noticed Menkaure
  3245 | D:4      | Mangled by Menkaure

Vault maps used:
D:1:      tarquinn_simple_flora_water_c, minivault_11, hangedman_decor_points
D:2:      kennysheep_big_flooded_room, grunt_gozag_statues, uniq_sigmund,
          uniq_terence, uniq_robin
D:3:      grunt_temple_overflow_cloverleaf, minmay_surrounded, uniq_natasha
D:4:      first_bread, grunt_ministairs_2, uniq_menkaure, uniq_duvessa

Skill      XL: |  1  2  3  4  5  6 |
---------------+-------------------+-----
Long Blades    | 3 4 5 |  5.5
Shields        | 1 2 |  2.0
Armour         | 1 |  1.5
Fighting       | |  3.7
Dodging        | |  2.6
Stealth        | |  1.7

Action                   |  1- 3 |  4- 6 || total
-------------------------+-------+-------++-------
Melee: Falchion          |   116 |   187 ||   303
       Kick              |       |    54 ||    54
Evoke: Wand              |       |     1 ||     1
 Stab: Sleeping          |     5 |     2 ||     7
  Eat: Chunk             |     2 |     1 ||     3
       Bread ration      |       |     1 ||     1
Armor: Robe              |     7 |       ||     7
       Ring mail         |    30 |    77 ||   107
Dodge: Dodged            |    79 |    86 ||   165
Block: Buckler           |       |    16 ||    16
       Shield            |       |     4 ||     4
       Rpst.: Falchion   |    24 |    38 ||    62

Vault maps used:
D:1:      tarquinn_simple_flora_water_c, minivault_11, hangedman_decor_points
D:2:      kennysheep_big_flooded_room, grunt_gozag_statues, uniq_sigmund,
          uniq_terence, uniq_robin
D:3:      grunt_temple_overflow_cloverleaf, minmay_surrounded, uniq_natasha
D:4:      first_bread, grunt_ministairs_2, uniq_menkaure, uniq_duvessa
